 Dungeon Crawl Stone Soup version 0.29.0-4-gdea44cf6ec (webtiles) character file.

Game seed: 4257968072000743052

69 qw the Chopper (level 4, -5/26 HPs)
             Began as a Tengu Warper on Aug 28, 2022.
             Succumbed to Robin's poison
             ... on level 2 of the Dungeon.
             The game lasted 00:00:06 (1388 turns).

qw the Chopper (Tengu Warper)                       Turns: 1388, Time: 00:00:07

Health: -5/26      AC: 10    Str: 14    XL:     4   Next: 20%
Magic:  8/8        EV:  4    Int: 13    God:
Gold:   77         SH:  0    Dex: 13    Spells: 7/7 levels left

rFire   . . .      SeeInvis .   Y - +0 hand axe
rCold   . . .      Faith    .   (no shield)
rNeg    . . .      Spirit   .   f - +0 plate armour
rPois   .          Reflect  .   (helmet restricted)
rElec   .          Harm     .   (no cloak)
rCorr   .          Rampage  .   (no gloves)
Will    .....                   (boots unavailable)
Stlth   ..........              (no amulet)
HPRegen 0.08/turn               (no ring)
MPRegen 0.11/turn               (no ring)

@: lethally poisoned (-5 -> -41)
A: beak, talons 3
a: no special abilities


You were on level 2 of the Dungeon.
You visited 1 branch of the dungeon, and saw 2 of its levels.

You collected 77 gold pieces.


Innate Abilities, Weirdness & Mutations

You have a beak for a mouth.
You have claws for feet.


   Skills:
 - Level 2.0 Fighting
 + Level 4.4 Axes
 - Level 1.0 Throwing
 - Level 2.0 Armour
 - Level 2.1 Dodging
 - Level 2.0 Spellcasting
 - Level 2.4 Translocations


You had 7 spell levels left.
You didn't know any spells.
Your spell library contained the following spells:

 Spells                   Type           Power      Damage    Failure   Level
 Blink                    Tloc           14%        N/A       100%        2
 Gell's Gravitas          Tloc           7%         N/A       100%        3
 Lesser Beckoning         Tloc           7%         N/A       100%        3
 Teleport Other           Tloc           7%         N/A       100%        3
 Manifold Assault         Tloc           7%         N/A       100%        5

Inventory:

Hand Weapons
 Y - a +0 hand axe (weapon)
Missiles
 g - 2 boomerangs (quivered)
Armour
 f - a +0 plate armour (worn)
Jewellery
 b - a ring of flight
Scrolls
 a - a scroll of enchant armour {unknown}
Potions
 d - a potion of degeneration {unknown}
 h - 2 potions of curing
 j - a potion of cancellation {unknown}

Dungeon Overview and Level Annotations

Branches:
Dungeon (2/15)

Altars:

Annotations:
D:2 Robin


Message History

The sling bullet hits you but does no damage.
You hit the goblin. You claw the goblin.
You kill the goblin!
You completely miss the goblin. Robin throws the goblin at you!
The goblin hits you but does no damage. The goblin hits you with a +0 club.
You closely miss the goblin. You hit the goblin.
Robin throws the goblin at you!
The goblin hits you but does no damage. x2
The goblin unwields a +0 sling.
The goblin wields a +0 dagger.
The goblin hits you but does no damage.
You hit the goblin.
You kill the goblin!
You hit the goblin.
You kill the goblin!
You hit the goblin.
You kill the goblin!
You hit the hobgoblin.
The hobgoblin is moderately wounded.
The hobgoblin hits you.
You hit the hobgoblin.
You kill the hobgoblin!
You slash Robin!
Robin is heavily wounded.
Robin hits you but does no damage.
You are poisoned.
You hit Robin but do no damage. Your kick misses Robin.
Robin is heavily wounded.
You feel very sick.
Robin hits you with a +4 short sword of venom.
You are lethally poisoned!
You closely miss Robin. You peck Robin.
Robin is severely wounded.
You feel very sick.
Robin hits you with a +4 short sword of venom.
You are more poisoned.
Robin hits you with a +4 short sword of venom.
You are more poisoned.
You hit Robin.
Robin is almost dead.
You die...

.......# ......#
.....# ....+ ..)# .g#
#g# #@### #)).# #...#
#####...#####
#...#...#...#
#.>.#...#.<.#
#...#...#...#
#####.#.#.#.#.#.#####
#...................#


You could see Robin and a hobgoblin (strong).

Vanquished Creatures
  2 adders (D:2)
  3 bats
  6 endoplasms
  A giant cockroach (D:1)
  9 goblins
  4 hobgoblins
  3 jackals (D:2)
  3 kobolds (D:1)
  5 quokkas
  5 ball pythons
  2 frilled lizards (D:1)
  3 rats (D:1)
46 creatures vanquished.

Notes
Turn   | Place    | Note
-------+----------+-------------------------------------------
     0 | D:1      | qw the Tengu Warper began the quest for the Orb.
     0 | D:1      | Reached XP level 1. HP: 12/12 MP: 4/4
     0 | D:1      | 0 ||| qw: Version: 0.1-a-89-g26bdef1
     0 | D:1      | 0 ||| qw: Game counter: 1421
     0 | D:1      | 0 ||| qw: Always use a shield: true
     0 | D:1      | 0 ||| qw: God list: Okawaru
     0 | D:1      | 0 ||| qw: Allow faded altars: false
     0 | D:1      | 0 ||| qw: Do Orc after D:15 true
     0 | D:1      | 0 ||| qw: Do second Lair branch before Depths: true
     0 | D:1      | 0 ||| qw: Lair rune preference: random
     0 | D:1      | 0 ||| qw: Plans: Normal
     0 | D:1      | 0 ||| PLANNING D:1-11
    90 | D:1      | Reached skill level 3 in Axes
    90 | D:1      | Reached XP level 2. HP: 17/17 MP: 6/6
   364 | D:1      | Found a faded altar of an unknown god.
   523 | D:1      | Reached XP level 3. HP: 21/21 MP: 7/7
   869 | D:1      | 869 ||| UPGRADING to +0 plate armour.
   879 | D:1      | 879 ||| DROPPING +0 leather armour.
   880 | D:1      | 880 ||| READING scroll labelled ARUUVE WYECURCH.
   881 | D:1      | 881 ||| READING scroll labelled DIMIMAGEOS.
   882 | D:1      | 882 ||| READING scroll labelled YBLINI FIDWY.
   885 | D:1      | 885 ||| DRINKING 3 viscous amethyst potions.
   886 | D:1      | 886 ||| DROPPING scroll of blinking.
   922 | D:2      | Reached skill level 4 in Axes
  1366 | D:2      | 1366 ||| Stepping ~*~*~tactically~*~*~ (stealth).
  1371 | D:2      | Reached XP level 4. HP: 26/26 MP: 8/8
  1373 | D:2      | Noticed Robin
  1387 | D:2      | HP: 3/26 [Robin/+4 short sword of venom (5)]
  1388 | D:2      | Succumbed to Robin's poison

Levels and vault maps discovered:
D:1:      lemuel_arrival_hallway, layout_loops_corners,
          shapermc_ecumenical_altar_mp_urbaneastern
D:2:      layout_basic, nicolae_elevator_lobby_plus, uniq_robin

Skill      XL: |  1  2  3 |
---------------+----------+-----
Axes           | 3 4 |  4.4
Armour         | 2 |  2.0
Fighting       | |  2.0
Throwing       | |  1.0
Dodging        | |  2.1
Spellcasting   | |  2.0
Translocations | |  2.4

Action                   |  1- 3 |  4- 6 || total
-------------------------+-------+-------++-------
Melee: Hand axe          |    36 |    15 ||    51
       Kick              |     8 |     2 ||    10
       Peck              |     6 |     4 ||    10
Throw: Javelin           |    13 |       ||    13
       Boomerang         |    31 |     2 ||    33
  Use: Scroll            |     3 |       ||     3
       Potion            |     1 |       ||     1
Armor: Leather armour    |     3 |       ||     3
       Plate armour      |    21 |    12 ||    33
Dodge: Dodged            |     6 |     3 ||     9

Table legend:
 A = Non-vault XP
 B = Vault XP
 C = Vault XP percentage of total XP
 D = Non-vault monster count
 E = Vault monster count
 F = Vault count percentage of total count
                 A         B        C        D         E       F
            +---------+---------+-------+---------+---------+-------
      Total |      83 |      16 |  16.2 |      36 |      10 |  21.7
            +---------+---------+-------+---------+---------+-------
        D:1 |      38 |       0 |   0.0 |      24 |       0 |   0.0
        D:2 |      45 |      16 |  26.2 |      12 |      10 |  45.5
            +---------+---------+-------+---------+---------+-------
